Map: Coda LE

Players

AcerBly (Bly)

  • Race: Zerg Zerg
  • Spawn Location: 11:00

beyoNd - Winner!

  • Race: Zerg Zerg
  • Spawn Location: 5:00

Event: LycanGTV LotV Beta Tournament 1

VOD

Have the link to the VOD?

Description

Time

  • Played on: April 2, 2015, 3:38 p.m.
  • Length: 14:41

All games in this series

Show
View Real Time Build Order
Export as new Build Order

AcerBly Zerg 

Build Orders: Hatch First 

Get SALT Encoding   

  12  0:01  Drone  
  13  0:12  Overlord  
  13  0:17  Drone  
  14  0:26  Extractor  
  14  0:27  Drone  
  15  0:32  Drone  
  16  0:49  Hatchery  
  15  0:53  Drone  
  16  0:58  Extractor  
  16  0:59  Drone  
  16  1:02  Drone  
  17  1:15  Spawning Pool  
  16  1:20  Drone  
  16  1:22  Drone  
  18  1:28  Drone  
  19  1:40  Overlord  
  19  2:02  Queen  
  19  2:03  Queen  
  19  2:05  Zergling x2  
  19  2:07  Zergling x2  
  25  2:11  Drone  
  25  2:13  Drone  
  27  2:19  Drone  
  28  2:27  Drone x2  
  30  2:35  Drone x2  
  32  2:43  Overlord  
  32  2:53  Overlord  
  31  2:59  Roach Warren  
  31  3:00  Drone x2  
  32  3:16  Drone x7  
  32  3:17  Drone x2  
  40  3:20  Burrow  
  40  3:22  Overlord  
  40  3:32  Extractor  
  40  3:34  Overlord  
  39  3:44  Roach x6  
  51  3:50  Lair  
  51  3:52  Extractor  
  51  3:53  Drone x2  
  51  3:54  Drone  
  53  3:56  Drone  
  53  4:01  Drone x3  
  57  4:04  Overlord  
  57  4:16  Drone x4  
  61  4:18  Overlord, Extractor  
  61  4:20  Overlord  
  61  4:23  Overlord  
  60  4:42  Roach x3  
  60  4:45  Hatchery, Roach  
  67  4:47  Roach  
  67  4:50  Roach x4  
  67  4:53  Roach x2  
  67  4:55  Glial Reconstitution  
  67  4:58  Roach x4  
  69  5:01  Roach x2  
  71  5:23  Roach x9  
  87  5:30  Drone x2  
  87  5:31  Evolution Chamber, Overseer  
  87  5:32  Overseer  
  84  5:40  Roach x3  
  90  5:43  Roach  
  90  5:45  Ravager  
  90  5:46  Ravager x3  
  96  5:56  Drone x3  
  99  5:57  Zerg Missile Weapons Level 1  
  99  6:01  Roach  
  101  6:05  Overlord  
  101  6:08  Ravager  
  102  6:13  Overseer  
  102  6:15  Overseer  
  102  6:28  Queen  
  106  6:33  Roach x5  
  106  6:34  Overlord x2  
  106  6:38  Overlord  
  114  6:46  Overseer x2  
  111  6:56  Roach x4  
  111  6:57  Roach  
  111  6:58  Roach  
  111  7:00  Overlord  
  106  7:09  Roach x5  
  106  7:13  Overlord  
  106  7:18  Overseer  
  102  7:41  Drone x5  
  102  7:42  Drone x2  
  102  7:43  Overlord  
  105  7:53  Roach x7  
  103  8:12  Roach x4  
  98  8:13  Roach x4  
  98  8:15  Overlord  
  98  8:19  Zerg Missile Weapons Level 2  
  102  8:30  Queen  
  102  8:43  Roach x7  
  102  8:47  Queen  
  102  8:48  Overlord  
  116  9:03  Roach x10  
  116  9:06  Overlord  
  116  9:08  Overlord  
  126  9:10  Ravager  
  126  9:11  Ravager x2  
  127  9:18  Overlord  
  127  9:27  Roach x5  
  137  9:31  Ravager  
  137  9:32  Ravager  
  137  9:37  Roach x11  
  139  9:45  Roach x7  
  153  9:48  Roach  
  155  9:54  Roach x3  
  155  9:58  Roach  
  155  9:59  Roach x4  
  163  10:14  Overlord  
  163  10:15  Spine Crawler  
  163  10:16  Spine Crawler  
  157  10:24  Roach  
  157  10:25  Roach x6  
  157  10:26  Roach x2  
  157  10:27  Roach  
  163  10:28  Roach  
  163  10:50  Roach x9  
  163  10:54  Overlord  
  169  11:04  Roach x2  
  169  11:05  Roach x3  
  169  11:06  Roach x3  
  169  11:07  Roach  
  138  11:14  Roach x6  
  138  11:15  Roach x2  
  119  11:29  Roach x7  
  130  11:34  Roach  
  114  11:55  Roach x9  
  114  11:56  Roach x4  
  114  11:58  Roach x2  
  132  12:06  Roach  
  132  12:07  Roach x3  
  124  12:34  Drone x6, Extractor  
  124  12:35  Extractor  
  126  12:37  Hydralisk Den  
  126  12:43  Zerg Ground Armor Level 1  
  121  12:46  Drone x3  
  121  12:47  Drone x4  
  128  13:04  Roach  
  128  13:05  Roach x8  
  146  13:14  Ravager x5  
  146  13:17  Ravager  
  151  13:42  Roach x10  
  151  13:44  Hatchery  
  165  13:56  Roach x6  
  167  14:06  Roach x3  
  167  14:09  Roach x5  
  119  14:22  Roach x6  
Show
View Real Time Build Order
Export as new Build Order

beyoNd Zerg - Winner!

Build Orders: Hatch First 

Get SALT Encoding   

  12  0:01  Drone  
  13  0:10  Drone  
  14  0:35  Hatchery  
  14  0:40  Drone  
  14  0:55  Spawning Pool  
  13  0:58  Drone  
  14  1:07  Overlord  
  14  1:25  Drone x3  
  18  1:40  Drone  
  18  1:47  Queen x2  
  18  1:49  Zergling x2  
  18  1:51  Drone  
  24  1:59  Overlord  
  24  2:01  Drone  
  25  2:09  Drone  
  25  2:10  Drone  
  27  2:23  Queen x2  
  31  2:36  Overlord, Spine Crawler  
  30  2:37  Drone  
  30  2:38  Drone  
  31  2:53  Drone x3  
  31  2:54  Drone x2  
  36  3:05  Drone x4, Spine Crawler  
  39  3:14  Overlord  
  39  3:17  Extractor  
  39  3:19  Extractor  
  37  3:20  Drone x4  
  37  3:26  Overlord  
  42  3:42  Roach Warren  
  42  3:43  Overlord  
  42  3:44  Drone x7  
  42  3:45  Drone  
  49  4:00  Evolution Chamber  
  48  4:05  Extractor x2  
  48  4:07  Drone x2  
  48  4:09  Spore Crawler  
  47  4:11  Lair, Drone x2  
  47  4:12  Drone x3  
  47  4:13  Drone  
  53  4:18  Overlord  
  53  4:22  Roach x2  
  57  4:25  Roach  
  57  4:27  Roach  
  57  4:30  Roach  
  63  4:35  Roach  
  63  4:37  Roach x2  
  69  4:40  Roach  
  69  4:42  Spore Crawler  
  70  4:48  Roach  
  70  4:49  Roach  
  74  4:58  Spore Crawler, Roach x2  
  74  4:59  Overlord x2  
  75  5:02  Burrow  
  75  5:09  Ravager, Overseer  
  74  5:14  Glial Reconstitution  
  74  5:19  Drone  
  74  5:20  Drone x4  
  76  5:40  Zerg Missile Weapons Level 1  
  76  5:43  Roach x4  
  76  5:49  Hatchery, Roach  
  85  5:50  Roach  
  85  5:51  Overlord  
  85  5:54  Overseer  
  87  5:58  Drone  
  87  6:03  Roach x2  
  92  6:07  Overlord  
  92  6:28  Overlord x2  
  92  6:29  Overlord  
  92  6:38  Roach x4  
  92  6:40  Overlord x2  
  92  6:50  Roach  
  92  6:51  Roach x11  
  114  7:02  Overlord x2  
  114  7:04  Roach x3  
  108  7:14  Roach x4  
  108  7:16  Roach x3  
  100  7:27  Roach  
  100  7:28  Roach x3  
  106  7:33  Ravager  
  106  7:34  Ravager x5  
  106  7:35  Ravager x2  
  107  7:47  Roach x5  
  102  7:59  Roach x7  
  91  8:14  Roach x6  
  91  8:17  Roach x3  
  91  8:18  Roach x2  
  98  8:28  Drone x2  
  98  8:29  Drone x6  
  98  8:32  Roach x5  
  106  8:44  Roach  
  106  8:45  Roach x2  
  112  8:48  Roach  
  112  8:49  Roach x5  
  118  8:57  Roach x4  
  120  9:05  Roach x4  
  120  9:15  Roach x4  
  126  9:19  Roach x3  
  132  9:27  Drone x7  
  139  9:38  Overlord x4  
  139  9:41  Zerg Missile Weapons Level 2  
  135  9:56  Ravager  
  135  9:57  Ravager x4  
  135  10:00  Overseer  
  135  10:06  Drone x7  
  138  10:09  Roach x6  
  150  10:21  Roach  
  150  10:22  Roach x4  
  160  10:32  Roach x3  
  166  10:46  Roach  
  166  10:47  Roach x5  
  176  10:54  Extractor  
  176  10:55  Extractor  
  174  10:58  Roach x2  
  174  10:59  Overlord x3  
  178  11:11  Roach x7  
  136  11:18  Roach  
  136  11:19  Overseer  
  136  11:23  Roach x2  
  129  11:29  Roach  
  127  11:34  Roach x2  
  127  11:36  Queen x3  
  128  11:41  Roach  
  128  11:45  Roach x7  
  130  11:48  Roach  
  130  11:49  Roach x2  
  130  11:53  Roach  
  134  12:00  Roach  
  134  12:01  Roach  
  127  12:11  Roach  
  127  12:12  Roach x10  
  149  12:21  Drone x2  
  145  12:44  Drone x3  
  145  12:45  Drone  
  145  12:46  Drone x3  
  145  12:48  Ravager x8  
  160  12:56  Roach  
  160  12:57  Roach x4  
  170  13:06  Roach x3  
  170  13:08  Drone  
  177  13:15  Roach x4  
  177  13:17  Roach x2  
  177  13:18  Ravager x2  
  183  13:30  Roach  
  183  13:31  Roach x5  
  195  13:45  Roach x2  
  199  13:50  Ravager x2  
  199  13:51  Ravager x2  
  172  14:12  Roach x2  
  172  14:13  Roach x7  
  174  14:20  Roach  

Tags
 
Add a new tag
Caveats
  • Supply blocks, unpowered buildings, or Contaminate may cause inaccurate times.
  • Supply counts are checked every 10 seconds.